 Dungeon Crawl Stone Soup version 0.29.0-4-gdea44cf6ec (webtiles) character file.

Game seed: 14510816883205942725

30886 qw the Severer (level 12, 0/96 (112) HPs)
             Began as a Minotaur Fighter on Sept 6, 2022.
             Was a High Priest of Ru.
             Slain by a cane toad (1 damage)
             ... on level 4 of the Lair of Beasts.
             The game lasted 00:06:10 (17949 turns).

qw the Severer (Minotaur Fighter)                  Turns: 17949, Time: 00:06:11

HP:   0/96 (112)    AC: 20    Str: 24    XL:     12   Next: 23%
MP:   11/11         EV: 12    Int:  5    God:    Ru [*****.]
Gold: 494           SH:  6    Dex: 12    Spells: 11/11 levels left

rFire   . . .      SeeInvis .   Y - +4 war axe (venom)
rCold   . . .      Faith    .   c - +0 buckler
rNeg    . . .      Spirit   .   s - +0 plate armour
rPois   +          Reflect  .   (helmet restricted)
rElec   .          Harm     .   k - +0 cloak
rCorr   .          Rampage  .   e - +2 pair of gloves
Will    .....                   (no boots)
Stlth   ..........              (no amulet)
HPRegen 0.26/turn               f - +4 ring of evasion
MPRegen 0.12/turn               a - ring of poison resistance

@: lethally poisoned (0 -> -5), exhausted, heavily drained
A: horns 2, hated by all, unskilled 1, inexperienced 1, missing an eye,
retaliatory headbutt, MP-powered wands
a: Renounce Religion, Draw Out Power, Power Leap, Apocalypse


You were on level 4 of the Lair of Beasts.
You worshipped Ru.
Ru was extremely pleased with you.
You visited 3 branches of the dungeon, and saw 15 of its levels.

You collected 627 gold pieces.
You spent 133 gold pieces at shops.


Innate Abilities, Weirdness & Mutations

You have a pair of horns on your head.
You are hated by all.
You are somewhat unskilled. (-1 Apt)
You are somewhat inexperienced. (-1 XL)
You are missing an eye, making it more difficult to aim.
You reflexively headbutt those who attack you in melee.
You expend magic power (3 MP) to strengthen your wands.


   Skills:
 - Level 12.0 Fighting
 - Level 17.0 Axes
 - Level 2.1 Throwing
 - Level 11.0 Armour
 - Level 5.1 Dodging
 + Level 7.8 Shields


You had 11 spell levels left.
You didn't know any spells.
Your spell library was empty.

Inventory:

Hand Weapons
 b - a +4 flail of freezing
 Y - a +4 war axe of venom (weapon)
Missiles
 l - 2 boomerangs (quivered)
Armour
 c - a +0 buckler (worn)
 e - a +2 pair of gloves (worn)
 k - a +0 cloak (worn)
 s - a +0 plate armour (worn)
Jewellery
 a - a ring of poison resistance (right hand)
 f - a +4 ring of evasion (left hand)
 g - a +6 ring of strength
Scrolls
 j - 2 scrolls of identify
Potions
 d - 2 potions of might
 h - 5 potions of curing
 i - a potion of resistance
 p - a potion of mutation
 t - 2 potions of haste

Dungeon Overview and Level Annotations

Branches:
Dungeon (9/15)             Temple (1/1) D:6            Lair (5/5) D:8
  Swamp (0/4) Lair:2        Snake (0/4) Lair:2        Slime (0/5) Lair:4
    Orc: D:9-12

Altars:
Cheibriados
Dithmenos
Elyvilon
Nemelex Xobeh
Qazlal
Ru
Trog
Wu Jian
Xom
Zin

Shops:
D:3 ?   D:4 (=(:

Annotations:
Lair:3 1 runed translucent door, qw's ghost, journeyman MiFi


Message History

You are restored by drawing out deep reserves of power within.
You feel drained.
You feel very sick. The yak misses you. The yak gores you.
The yak barely misses you. The cane toad stings you!
You block the cane toad's attack.
You slice the yak!!
You kill the yak!
You hit the cane toad but do no damage. You slash the yak!
You kill the yak!
You closely miss the yak. You slash the cane toad!
You feel very sick. The yak gores you.
The cane toad stings you but does no damage. x2
You miss the cane toad.
The cane toad is severely wounded.
You closely miss the cane toad. You hit the yak.
The yak is poisoned.
You feel sick.
The cane toad is stunned by your conviction and fails to attack.
The cane toad misses you. The yak gores you but does no damage.
You miss the cane toad. You headbutt the cane toad.
The cane toad is almost dead.
You hit the cane toad. You closely miss the yak.
You feel sick. The cane toad stings you.
You focus your inner power and blind the cane toad in retribution!
The cane toad stings you!
You hit the cane toad but do no damage.
The cane toad is almost dead.
You slash the cane toad! You closely miss the yak.
You feel sick. The yak gores you.
The cane toad stings you but does no damage. x2
You hit the cane toad.
You kill the cane toad!
You miss the cane toad. You slash the yak!
The yak looks as sick as possible!
You feel sick. The yak gores you but does no damage.
Your Dodging skill increases to level 5!
You miss the cane toad.
The cane toad is heavily wounded.
You hit the yak but do no damage.
The yak looks as sick as possible!
You feel sick. The cane toad stings you.
You die...

#...##....P.......##.....##....##
#...##..###P.......#......#....##
........####......##^#.##P#....##
P.................##...####.....P
.................}...............
.................................
.................................
.........#.#...Y.%...............
.......#.###.#.%@F.P..#.##.......
............##...%##..#####...###
......##.....#....##...#.##...P##
......##....#...........###....##
............#........#..###...##P
<.....##.............##.P##...###
.......#....##....P..P...#....P##
.......###..##...#....##..#....##
.......###...#...P....##......P##


You could see a yak (extremely poisoned) and a cane toad.

Vanquished Creatures
  A hydra (Lair:3)
  A two-headed ogre (D:9)
  A fire crab (Lair:4)
  A bog body (Lair:2)
  11 elephants
  A torpor snail (Lair:2)
  6 cane toads
  4 black mambas
  3 rime drakes
  5 komodo dragons
  6 polar bears
  6 blink frogs
  26 dream sheep
  30 yaks
  Eustachio (D:4)
  5 wyverns
  3 steam dragons (D:9)
  7 basilisks
  Menkaure (D:4)
  An acid dragon (D:8)
  2 nagas (Lair:2)
  Duvessa (D:4)
  10 water moccasins
  4 orc warriors
  2 sky beasts
  4 ogres
  3 centaurs
  6 wolves
  A phantom (D:4)
  Blork the orc (D:5)
  2 necrophages
  14 bullfrogs
  5 kobold brigands
  5 wights (D:6)
  Dowan (D:4)
  9 killer bees
  2 electric eels (D:6)
  4 howler monkeys
  5 hounds
  2 orc priests
  A gnoll bouda (D:3)
  7 jellies
  2 iguanas (D:6)
  7 hell rats (Lair:3)
  6 orc wizards
  Robin (D:4)
  14 gnolls
  9 adders
  3 shadow imps
  2 white imps
  2 dart slugs (D:1)
  23 orcs
  13 endoplasms
  3 giant cockroaches
  12 goblins
  9 hobgoblins
  4 jackals
  33 kobolds
  2 quokkas
  8 ball pythons
  2 bats
  A frilled lizard (D:2)
  3 rats
370 creatures vanquished.

Vanquished Creatures (others)
  19 fungi
  35 plants
54 creatures vanquished.

Grand Total: 424 creatures vanquished

Notes
Turn   | Place    | Note
-------+----------+-------------------------------------------
     0 | D:1      | qw the Minotaur Fighter began the quest for the Orb.
     0 | D:1      | Reached XP level 1. HP: 19/19 MP: 0/0
     0 | D:1      | 0 ||| qw: Version: 0.1-a-108-g9e35731
     0 | D:1      | 0 ||| qw: Game counter: 6209
     0 | D:1      | 0 ||| qw: Always use a shield: true
     0 | D:1      | 0 ||| qw: God list: Ru
     0 | D:1      | 0 ||| qw: Allow faded altars: false
     0 | D:1      | 0 ||| qw: Do Orc after D:15 true
     0 | D:1      | 0 ||| qw: Do second Lair branch before Depths: true
     0 | D:1      | 0 ||| qw: Lair rune preference: random
     0 | D:1      | 0 ||| qw: Plans: Normal
     0 | D:1      | 0 ||| PLANNING D:1-11
    19 | D:1      | 19 ||| Stepping ~*~*~tactically~*~*~ (stealth).
    26 | D:1      | Reached skill level 3 in Axes
    39 | D:1      | Reached XP level 2. HP: 21/26 MP: 1/1
   146 | D:1      | 146 ||| Stepping ~*~*~tactically~*~*~ (stealth).
   427 | D:1      | Reached skill level 4 in Axes
   684 | D:1      | Reached XP level 3. HP: 31/31 MP: 2/2
   728 | D:1      | 728 ||| DROPPING ring of wizardry.
   729 | D:1      | 729 ||| READING scroll labelled TUUCO SOMUFYZ.
   730 | D:1      | 730 ||| READING scroll labelled UMUEDD XYDGHAIMAN.
   831 | D:1      | 831 ||| READING 2 scrolls labelled OCADYWNOXA.
   832 | D:1      | 832 ||| READING scroll labelled RYSTE LOTI.
   835 | D:1      | 835 ||| READING 3 scrolls labelled UGOM QIFFU.
   836 | D:1      | 836 ||| READING scroll labelled SEHOUDI ISHA.
   837 | D:1      | 837 ||| READING scroll labelled OXENOTU FAOV.
   838 | D:1      | 838 ||| READING 2 scrolls of identify.
   838 | D:1      | 838 ||| IDENTIFYING fizzy green potion
   839 | D:1      | 839 ||| DROPPING scroll of fear.
   868 | D:2      | Found a faded altar of an unknown god.
  1102 | D:2      | 1102 ||| Stepping ~*~*~tactically~*~*~ (stealth).
  1153 | D:2      | 1153 ||| READING scroll of enchant weapon.
  1153 | D:2      | 1153 ||| ENCHANTING +1 war axe.
  1199 | D:2      | Reached skill level 5 in Axes
  1305 | D:2      | Reached skill level 1 in Dodging
  1350 | D:2      | Reached XP level 4. HP: 32/39 MP: 3/3
  1929 | D:2      | 1929 ||| UPGRADING to +0 chain mail.
  1939 | D:2      | 1939 ||| DROPPING +0 scale mail.
  1940 | D:2      | 1940 ||| UPGRADING to +4 ring of evasion.
  1941 | D:2      | 1941 ||| READING scroll labelled SOVVETUPUL.
  1942 | D:2      | 1942 ||| READING 3 scrolls of identify.
  1942 | D:2      | 1942 ||| IDENTIFYING orange potion
  2155 | D:3      | Reached skill level 6 in Axes
  2158 | D:3      | HP: 7/39 [frozen (5)]
  2159 | D:3      | 2159 ||| DRINKING 2 potions of heal wounds.
  2163 | D:3      | Reached XP level 5. HP: 25/45 MP: 4/4
  2447 | D:3      | Found Fynauz's Magic Scroll Shop.
  2464 | D:3      | 2464 ||| BUYING scroll of brand weapon (133 gold).
  2464 | D:3      | Bought a scroll of brand weapon for 133 gold pieces
  2464 | D:3      | 2464 ||| SHOPLISTING scroll of identify (28 gold, have 13).
  2464 | D:3      | 2464 ||| READING scroll of brand weapon.
  2464 | D:3      | 2464 ||| BRANDING +2 war axe.
  2559 | D:3      | Found a glowing silver altar of Zin.
  2607 | D:3      | 2607 ||| Stepping ~*~*~tactically~*~*~ (stealth).
  2609 | D:3      | 2609 ||| Stepping ~*~*~tactically~*~*~ (stealth).
  2610 | D:3      | 2610 ||| Stepping ~*~*~tactically~*~*~ (stealth).
  2612 | D:3      | 2612 ||| Stepping ~*~*~tactically~*~*~ (stealth).
  2618 | D:3      | Reached skill level 7 in Axes
  2760 | D:3      | 2760 ||| DROPPING +0 mace.
  2761 | D:3      | 2761 ||| UPGRADING to +0 pair of gloves.
  2766 | D:3      | 2766 ||| READING scroll labelled PID GEPUTAGAI.
  2767 | D:3      | 2767 ||| READING 4 scrolls of identify.
  2767 | D:3      | 2767 ||| IDENTIFYING sedimented yellow potion
  2768 | D:3      | 2768 ||| READING 3 scrolls of identify.
  2768 | D:3      | 2768 ||| IDENTIFYING lumpy grey potion
  2769 | D:3      | 2769 ||| DROPPING potion of brilliance.
  2770 | D:3      | 2770 ||| DROPPING potion of attraction.
  2860 | D:4      | 2860 ||| Stepping ~*~*~tactically~*~*~ (stealth).
  2866 | D:4      | Reached XP level 6. HP: 53/53 MP: 5/5
  2881 | D:4      | Noticed Robin
  2883 | D:4      | Killed Robin
  2911 | D:4      | Found Atuaruk's Weapon Shop.
  2919 | D:4      | 2919 ||| SHOPLISTING +2 flail of protection (210 gold, have
                  | 13).
  3027 | D:4      | Found Uqann's Book Emporium.
  3085 | D:4      | Noticed Menkaure
  3092 | D:4      | Killed Menkaure
  3093 | D:4      | Reached skill level 8 in Axes
  3313 | D:4      | Reached XP level 7. HP: 43/60 MP: 6/6
  3317 | D:4      | Noticed Duvessa
  3318 | D:4      | 3318 ||| FLEEEEING.
  3319 | D:4      | 3319 ||| FLEEEEING.
  3320 | D:4      | 3320 ||| FLEEEEING.
  3321 | D:4      | 3321 ||| FLEEEEING.
  3322 | D:4      | 3322 ||| FLEEEEING.
  3323 | D:4      | 3323 ||| FLEEEEING.
  3324 | D:4      | 3324 ||| FLEEEEING.
  3325 | D:4      | 3325 ||| FLEEEEING.
  3328 | D:4      | 3328 ||| FLEEEEING.
  3329 | D:4      | 3329 ||| FLEEEEING.
  3330 | D:4      | 3330 ||| FLEEEEING.
  3331 | D:4      | 3331 ||| FLEEEEING.
  3332 | D:4      | 3332 ||| FLEEEEING.
  3333 | D:4      | 3333 ||| FLEEEEING.
  3334 | D:4      | 3334 ||| FLEEEEING.
  3335 | D:4      | 3335 ||| FLEEEEING.
  3336 | D:4      | 3336 ||| FLEEEEING.
  3337 | D:4      | 3337 ||| FLEEEEING.
  3338 | D:4      | 3338 ||| FLEEEEING.
  3339 | D:4      | 3339 ||| FLEEEEING.
  3347 | D:4      | 3347 ||| FLEEEEING.
  3348 | D:4      | 3348 ||| FLEEEEING.
  3349 | D:4      | 3349 ||| FLEEEEING.
  3355 | D:4      | 3355 ||| FLEEEEING.
  3356 | D:4      | 3356 ||| FLEEEEING.
  3362 | D:4      | 3362 ||| FLEEEEING.
  3363 | D:4      | 3363 ||| FLEEEEING.
  3364 | D:4      | 3364 ||| FLEEEEING.
  3368 | D:4      | 3368 ||| FLEEEEING.
  3369 | D:4      | 3369 ||| FLEEEEING.
  3370 | D:4      | 3370 ||| FLEEEEING.
  3388 | D:4      | Killed Duvessa
  3389 | D:4      | Reached skill level 9 in Axes
  3395 | D:4      | Noticed Dowan
  3396 | D:4      | 3396 ||| FLEEEEING.
  3397 | D:4      | 3397 ||| FLEEEEING.
  3398 | D:4      | 3398 ||| FLEEEEING.
  3399 | D:4      | 3399 ||| FLEEEEING.
  3404 | D:4      | 3404 ||| FLEEEEING.
  3409 | D:4      | 3409 ||| STAIRDANCE
  3524 | D:3      | 3524 ||| UPGRADING to +0 scale mail of poison resistance.
  3534 | D:3      | 3534 ||| READING 2 scrolls of identify.
  3534 | D:3      | 3534 ||| IDENTIFYING clear potion
  3535 | D:3      | 3535 ||| DROPPING potion of degeneration.
  3551 | D:4      | 3551 ||| Stepping ~*~*~tactically~*~*~ (stealth).
  3554 | D:4      | 3554 ||| Stepping ~*~*~tactically~*~*~ (hiding).
  3555 | D:4      | 3555 ||| Stepping ~*~*~tactically~*~*~ (hiding).
  3560 | D:4      | 3560 ||| Stepping ~*~*~tactically~*~*~ (hiding).
  3563 | D:4      | Killed Dowan
  3698 | D:4      | Noticed Eustachio
  3706 | D:4      | Killed Eustachio
  3707 | D:4      | Reached skill level 6 in Fighting
  3897 | D:4      | Found Puofelim's Antique Weapon Boutique.
  3959 | D:4      | Reached skill level 10 in Axes
  3961 | D:4      | Found Rukhlaruow's Jewellery Boutique.
  3969 | D:4      | 3969 ||| SHOPLISTING +4 ring of evasion (396 gold, have
                  | 35).
  3969 | D:4      | 3969 ||| SHOPLISTING +6 ring of strength (396 gold, have
                  | 35).
  3969 | D:4      | 3969 ||| SHOPLISTING amulet of Amanud {RegenMP Int+3 SInv}
                  | (522 gold, have 35).
  3969 | D:4      | 3969 ||| SHOPLISTING ring of ice (275 gold, have 35).
  3969 | D:4      | 3969 ||| SHOPLISTING ring of poison resistance (220 gold,
                  | have 35).
  3969 | D:4      | 3969 ||| SHOPLISTING ring of protection from cold (275
                  | gold, have 35).
  4242 | D:4      | 4242 ||| UPGRADING to +0 cloak.
  4247 | D:4      | 4247 ||| READING 2 scrolls of identify.
  4247 | D:4      | 4247 ||| IDENTIFYING metallic cyan potion
  4248 | D:4      | 4248 ||| DROPPING potion of flight.
  4276 | D:5      | Entered Level 5 of the Dungeon
  4295 | D:5      | Found a bloodstained altar of Trog.
  4321 | D:5      | Reached XP level 8. HP: 55/70 MP: 7/7
  4473 | D:5      | Noticed Blork the orc
  4481 | D:5      | Killed Blork the orc
  4601 | D:5      | 4601 ||| Stepping ~*~*~tactically~*~*~ (hiding).
  4603 | D:5      | 4603 ||| Stepping ~*~*~tactically~*~*~ (hiding).
  4604 | D:5      | 4604 ||| Stepping ~*~*~tactically~*~*~ (hiding).
  4930 | D:5      | 4930 ||| Stepping ~*~*~tactically~*~*~ (hiding).
  4932 | D:5      | 4932 ||| Stepping ~*~*~tactically~*~*~ (hiding).
  4942 | D:5      | 4942 ||| Stepping ~*~*~tactically~*~*~ (stealth).
  4943 | D:5      | 4943 ||| Stepping ~*~*~tactically~*~*~ (stealth).
  4945 | D:5      | 4945 ||| Stepping ~*~*~tactically~*~*~ (hiding).
  4946 | D:5      | 4946 ||| Stepping ~*~*~tactically~*~*~ (hiding).
  4954 | D:5      | Reached skill level 11 in Axes
  5397 | D:5      | 5397 ||| READING scroll of enchant weapon.
  5397 | D:5      | 5397 ||| ENCHANTING +2 war axe of venom.
  5430 | D:5      | 5430 ||| DROPPING amulet of magic regeneration.
  5431 | D:5      | 5431 ||| READING scroll labelled PODEBOYLIN.
  5432 | D:5      | 5432 ||| READING scroll labelled FIMOUMAOMI.
  5433 | D:5      | 5433 ||| READING 2 scrolls of identify.
  5433 | D:5      | 5433 ||| IDENTIFYING emerald potion
  5434 | D:5      | 5434 ||| DROPPING potion of magic.
  5492 | D:6      | 5492 ||| Stepping ~*~*~tactically~*~*~ (stealth).
  5503 | D:6      | 5503 ||| DROPPING +0 flail.
  5520 | D:6      | 5520 ||| Stepping ~*~*~tactically~*~*~ (hiding).
  5521 | D:6      | 5521 ||| Stepping ~*~*~tactically~*~*~ (hiding).
  5522 | D:6      | 5522 ||| Stepping ~*~*~tactically~*~*~ (hiding).
  5523 | D:6      | 5523 ||| Stepping ~*~*~tactically~*~*~ (hiding).
  5561 | D:6      | 5561 ||| FLEEEEING.
  5568 | D:6      | 5568 ||| STAIRDANCE
  5631 | D:6      | Reached skill level 12 in Axes
  5716 | D:6      | 5716 ||| FLEEEEING.
  5717 | D:6      | 5717 ||| FLEEEEING.
  5725 | D:6      | 5725 ||| STAIRDANCE
  5842 | D:6      | Reached XP level 9. HP: 74/79 MP: 8/8
  5848 | D:6      | Reached skill level 3 in Dodging
  5848 | D:6      | 5848 ||| FLEEEEING.
  5849 | D:6      | 5849 ||| FLEEEEING.
  5850 | D:6      | 5850 ||| FLEEEEING.
  5851 | D:6      | 5851 ||| FLEEEEING.
  5852 | D:6      | 5852 ||| FLEEEEING.
  5853 | D:6      | 5853 ||| FLEEEEING.
  5854 | D:6      | 5854 ||| FLEEEEING.
  5856 | D:6      | 5856 ||| FLEEEEING.
  5857 | D:6      | 5857 ||| FLEEEEING.
  5858 | D:6      | 5858 ||| FLEEEEING.
  5859 | D:6      | 5859 ||| FLEEEEING.
  5860 | D:6      | 5860 ||| FLEEEEING.
  5861 | D:6      | 5861 ||| FLEEEEING.
  5862 | D:6      | 5862 ||| FLEEEEING.
  5863 | D:6      | 5863 ||| STAIRDANCE
  6044 | D:6      | 6044 ||| Stepping ~*~*~tactically~*~*~ (stealth).
  6045 | D:6      | 6045 ||| Stepping ~*~*~tactically~*~*~ (stealth).
  6057 | D:6      | 6057 ||| Stepping ~*~*~tactically~*~*~ (stealth).
  6085 | D:6      | 6085 ||| Stepping ~*~*~tactically~*~*~ (stealth).
  6238 | D:6      | Found a staircase to the Ecumenical Temple.
  6239 | D:6      | 6239 ||| PLANNING TEMPLE
  6244 | Temple   | Entered the Ecumenical Temple
  6267 | Temple   | Became a worshipper of Ru the Awakened
  6274 | Temple   | 6274 ||| PLANNING D:1-11
  6373 | D:6      | 6373 ||| Stepping ~*~*~tactically~*~*~ (stealth).
  6405 | D:6      | Found a stormy altar of Qazlal.
  6405 | D:6      | Found a sparkling altar of Nemelex Xobeh.
  6710 | D:7      | Reached skill level 1 in Throwing
  6846 | D:7      | Reached skill level 13 in Axes
  6938 | D:7      | 6938 ||| READING scroll of enchant weapon.
  6938 | D:7      | 6938 ||| ENCHANTING +3 war axe of venom.
  6956 | D:7      | 6956 ||| Stepping ~*~*~tactically~*~*~ (stealth).
  7327 | D:7      | Found a shimmering altar of Xom.
  7328 | D:7      | Found a hazy altar of Hepliaklqana.
  7329 | D:7      | Noticed a spectral ugly thing
  7409 | D:7      | 7409 ||| INVOKING Sacrifice Skill.
  7409 | D:7      | Gained mutation: You are somewhat unskilled. (-1 Apt) [Ru
                  | sacrifice]
  7409 | D:7      | Reduced skill Axes to level 12
  7409 | D:7      | Reduced skill Armour to level 3
  7409 | D:7      | Reached * piety under Ru
  7542 | D:7      | 7542 ||| DRINKING 2 fizzy coppery potions.
  7543 | D:7      | 7543 ||| DRINKING 2 silvery potions.
  7543 | D:7      | Gained mutation: You expend magic power (3 MP) to
                  | strengthen your wands. [potion of mutation]
  7600 | D:8      | Reached skill level 3 in Dodging
  7834 | D:8      | 7834 ||| FLEEEEING.
  7835 | D:8      | 7835 ||| FLEEEEING.
  7836 | D:8      | 7836 ||| FLEEEEING.
  7837 | D:8      | 7837 ||| FLEEEEING.
  7838 | D:8      | 7838 ||| FLEEEEING.
  7838 | D:8      | Noticed a komodo dragon
  7839 | D:8      | 7839 ||| FLEEEEING.
  7840 | D:8      | 7840 ||| FLEEEEING.
  7841 | D:8      | 7841 ||| FLEEEEING.
  7842 | D:8      | 7842 ||| FLEEEEING.
  7843 | D:8      | 7843 ||| FLEEEEING.
  7844 | D:8      | 7844 ||| FLEEEEING.
  7845 | D:8      | 7845 ||| FLEEEEING.
  7846 | D:8      | 7846 ||| FLEEEEING.
  7847 | D:8      | 7847 ||| FLEEEEING.
  7848 | D:8      | 7848 ||| FLEEEEING.
  7849 | D:8      | 7849 ||| FLEEEEING.
  7850 | D:8      | 7850 ||| FLEEEEING.
  7851 | D:8      | 7851 ||| FLEEEEING.
  7852 | D:8      | 7852 ||| FLEEEEING.
  7853 | D:8      | 7853 ||| FLEEEEING.
  7854 | D:8      | 7854 ||| FLEEEEING.
  7855 | D:8      | 7855 ||| FLEEEEING.
  7856 | D:8      | 7856 ||| FLEEEEING.
  7857 | D:8      | 7857 ||| FLEEEEING.
  7858 | D:8      | 7858 ||| FLEEEEING.
  7859 | D:8      | 7859 ||| FLEEEEING.
  7860 | D:8      | 7860 ||| FLEEEEING.
  7861 | D:8      | 7861 ||| FLEEEEING.
  7862 | D:8      | 7862 ||| FLEEEEING.
  7864 | D:8      | 7864 ||| FLEEEEING.
  7865 | D:8      | 7865 ||| FLEEEEING.
  7866 | D:8      | 7866 ||| FLEEEEING.
  7867 | D:8      | 7867 ||| FLEEEEING.
  7868 | D:8      | 7868 ||| FLEEEEING.
  7869 | D:8      | 7869 ||| FLEEEEING.
  7870 | D:8      | 7870 ||| FLEEEEING.
  7872 | D:8      | 7872 ||| FLEEEEING.
  7873 | D:8      | 7873 ||| FLEEEEING.
  7874 | D:8      | 7874 ||| FLEEEEING.
  7876 | D:8      | 7876 ||| FLEEEEING.
  7877 | D:8      | 7877 ||| FLEEEEING.
  7879 | D:8      | 7879 ||| STAIRDANCE
  8000 | D:8      | 8000 ||| STAIRDANCE
  8010 | D:8      | 8010 ||| STAIRDANCE
  8022 | D:8      | 8022 ||| STAIRDANCE
  8025 | D:7      | Killed a komodo dragon
  8026 | D:7      | Reached skill level 13 in Axes
  8026 | D:7      | Reached XP level 10. HP: 78/86 MP: 9/9
  8678 | D:8      | 8678 ||| Stepping ~*~*~tactically~*~*~ (stealth).
  8931 | D:8      | Found a staircase to the Lair.
  9024 | D:9      | 9024 ||| STAIRDANCE
  9052 | D:9      | 9052 ||| STAIRDANCE
  9307 | D:9      | 9307 ||| Stepping ~*~*~tactically~*~*~ (stealth).
  9316 | D:9      | 9316 ||| Stepping ~*~*~tactically~*~*~ (cloud).
  9342 | D:9      | 9342 ||| Stepping ~*~*~tactically~*~*~ (cloud).
  9350 | D:9      | 9350 ||| FLEEEEING.
  9364 | D:9      | 9364 ||| FLEEEEING.
  9365 | D:9      | 9365 ||| FLEEEEING.
  9366 | D:9      | 9366 ||| FLEEEEING.
  9367 | D:9      | 9367 ||| FLEEEEING.
  9368 | D:9      | 9368 ||| FLEEEEING.
  9369 | D:9      | 9369 ||| FLEEEEING.
  9370 | D:9      | 9370 ||| FLEEEEING.
  9526 | D:9      | 9526 ||| Stepping ~*~*~tactically~*~*~ (hiding).
  9526 | D:9      | Found an ornate altar of the Wu Jian Council.
  9528 | D:9      | Noticed a two-headed ogre
  9530 | D:9      | Found a snail-covered altar of Cheibriados.
  9532 | D:9      | 9532 ||| Stepping ~*~*~tactically~*~*~ (hiding).
  9535 | D:9      | Reached skill level 14 in Axes
  9548 | D:9      | Killed a two-headed ogre
  9584 | D:9      | 9584 ||| FLEEEEING.
  9585 | D:9      | 9585 ||| FLEEEEING.
  9586 | D:9      | 9586 ||| FLEEEEING.
  9587 | D:9      | 9587 ||| FLEEEEING.
  9587 | D:9      | HP: 11/88 [orc warrior/bolt (16)]
  9588 | D:9      | 9588 ||| FLEEEEING.
  9589 | D:9      | 9589 ||| FLEEEEING.
  9918 | D:9      | 9918 ||| FLEEEEING.
  9977 | D:9      | 9977 ||| FLEEEEING.
 10075 | D:9      | 10075 ||| Stepping ~*~*~tactically~*~*~ (hiding).
 10221 | D:9      | Found a blossoming altar of Fedhas.
 10356 | D:9      | 10356 ||| Stepping ~*~*~tactically~*~*~ (stealth).
 10436 | D:9      | 10436 ||| Stepping ~*~*~tactically~*~*~ (hiding).
 10554 | D:9      | Found a shadowy altar of Dithmenos.
 10614 | D:9      | 10614 ||| INVOKING Sacrifice Experience.
 10614 | D:9      | Gained mutation: You are somewhat inexperienced. (-1 XL)
                  | [Ru sacrifice]
 10614 | D:9      | Reached XP level 9. HP: 81/81 MP: 8/8
 10614 | D:9      | Reached ** piety under Ru
 10614 | D:9      | Reached *** piety under Ru
 10794 | D:9      | Reached skill level 15 in Axes
 10807 | D:9      | 10807 ||| PLANNING LAIR
 10807 | D:9      | 10807 ||| DROPPING +0 chain mail.
 10808 | D:9      | 10808 ||| UPGRADING to +0 plate armour.
 10818 | D:9      | 10818 ||| DROPPING +0 scale mail of poison resistance.
 10819 | D:9      | 10819 ||| READING scroll labelled TUUTARGHAMO.
 10820 | D:9      | 10820 ||| READING 4 scrolls of identify.
 10820 | D:9      | 10820 ||| IDENTIFYING black potion
 10821 | D:9      | 10821 ||| READING 3 scrolls of identify.
 10821 | D:9      | 10821 ||| IDENTIFYING murky white potion
 10822 | D:9      | 10822 ||| READING 2 scrolls of identify.
 10822 | D:9      | 10822 ||| IDENTIFYING bubbling emerald potion
 10823 | D:9      | 10823 ||| DROPPING potion of invisibility.
 10916 | Lair:1   | Entered Level 1 of the Lair of Beasts
 11106 | Lair:1   | Reached skill level 6 in Armour
 11196 | Lair:1   | Reached XP level 10. HP: 79/88 MP: 9/9
 11463 | Lair:1   | Reached skill level 9 in Fighting
 11798 | Lair:1   | 11798 ||| Stepping ~*~*~tactically~*~*~ (hiding).
 12013 | Lair:1   | 12013 ||| READING scroll labelled NORANI TAETIA.
 12014 | Lair:1   | 12014 ||| READING scroll labelled VECYARA LUMUFU.
 12188 | Lair:1   | 12188 ||| READING 3 scrolls of identify.
 12188 | Lair:1   | 12188 ||| IDENTIFYING sedimented puce potion
 12189 | Lair:1   | 12189 ||| DROPPING potion of ambrosia.
 12310 | Lair:2   | 12310 ||| FLEEEEING.
 12317 | Lair:2   | Noticed a bog body
 12324 | Lair:2   | 12324 ||| DRINKING potion of cancellation.
 12325 | Lair:2   | HP: 18/91 [basilisk (6)]
 12326 | Lair:2   | 12326 ||| READING 3 scrolls of teleportation.
 12327 | Lair:2   | 12327 ||| INVOKING Draw Out Power.
 12355 | Lair:2   | HP: 21/89 [elephant (5)]
 12358 | Lair:2   | 12358 ||| READING 2 scrolls of teleportation.
 12359 | Lair:2   | 12359 ||| INVOKING Draw Out Power.
 12363 | Lair:2   | 12363 ||| FLEEEEING.
 12371 | Lair:2   | HP: 21/87 [yak (6)]
 12372 | Lair:2   | 12372 ||| READING scroll of teleportation.
 12373 | Lair:2   | 12373 ||| DRINKING 2 potions of heal wounds.
 12376 | Lair:2   | Reached skill level 16 in Axes
 12381 | Lair:2   | HP: 21/91 [yak (8)]
 12382 | Lair:2   | 12382 ||| INVOKING Draw Out Power.
 12387 | Lair:2   | Reached skill level 6 in Shields
 12662 | Lair:2   | Found a staircase to the Snake Pit.
 12667 | Lair:2   | 12667 ||| Stepping ~*~*~tactically~*~*~ (hiding).
 12688 | Lair:2   | 12688 ||| Stepping ~*~*~tactically~*~*~ (stealth).
 12817 | Lair:2   | 12817 ||| Stepping ~*~*~tactically~*~*~ (stealth).
 12822 | Lair:2   | 12822 ||| Stepping ~*~*~tactically~*~*~ (stealth).
 12825 | Lair:2   | 12825 ||| Stepping ~*~*~tactically~*~*~ (stealth).
 12826 | Lair:2   | 12826 ||| Stepping ~*~*~tactically~*~*~ (stealth).
 12910 | Lair:2   | 12910 ||| Stepping ~*~*~tactically~*~*~ (stealth).
 12910 | Lair:2   | Found a staircase to the Swamp.
 12915 | Lair:2   | 12915 ||| Stepping ~*~*~tactically~*~*~ (stealth).
 12924 | Lair:2   | Killed a bog body
 12940 | Lair:2   | 12940 ||| Stepping ~*~*~tactically~*~*~ (stealth).
 12945 | Lair:2   | 12945 ||| Stepping ~*~*~tactically~*~*~ (stealth).
 12958 | Lair:2   | Reached skill level 9 in Armour
 12958 | Lair:2   | 12958 ||| FLEEEEING.
 12959 | Lair:2   | 12959 ||| FLEEEEING.
 13139 | Lair:2   | 13139 ||| Stepping ~*~*~tactically~*~*~ (hiding).
 13215 | Lair:2   | 13215 ||| Stepping ~*~*~tactically~*~*~ (stealth).
 13352 | Lair:2   | 13352 ||| READING scroll of enchant armour.
 13352 | Lair:2   | 13352 ||| ENCHANTING +0 pair of gloves.
 13703 | Lair:2   | 13703 ||| READING 2 scrolls of identify.
 13703 | Lair:2   | 13703 ||| IDENTIFYING sedimented ruby potion
 13704 | Lair:2   | 13704 ||| DROPPING potion of lignification.
 13716 | Lair:3   | 13716 ||| Stepping ~*~*~tactically~*~*~ (hiding).
 13735 | Lair:3   | Noticed a six-headed hydra
 13739 | Lair:3   | 13739 ||| SWAPPING to +4 flail of freezing.
 13749 | Lair:3   | 13749 ||| Stepping ~*~*~tactically~*~*~ (outnumbered).
 13750 | Lair:3   | 13750 ||| Stepping ~*~*~tactically~*~*~ (outnumbered).
 13753 | Lair:3   | HP: 17/91 [six-headed hydra (9)]
 13754 | Lair:3   | 13754 ||| INVOKING Draw Out Power.
 13755 | Lair:3   | 13755 ||| Stepping ~*~*~tactically~*~*~ (outnumbered).
 13756 | Lair:3   | Killed a six-headed hydra
 13757 | Lair:3   | Reached XP level 11. HP: 35/96 MP: 10/10
 13757 | Lair:3   | 13757 ||| SWAPPING to +4 war axe of venom.
 13758 | Lair:3   | HP: 23/96 [bullfrog (4)]
 13759 | Lair:3   | 13759 ||| DRINKING potion of heal wounds.
 13764 | Lair:3   | 13764 ||| FLEEEEING.
 13770 | Lair:3   | 13770 ||| STAIRDANCE
 13935 | Lair:3   | 13935 ||| FLEEEEING.
 13940 | Lair:3   | 13940 ||| STAIRDANCE
 14019 | Lair:3   | 14019 ||| STAIRDANCE
 14224 | Lair:3   | 14224 ||| STAIRDANCE
 14226 | Lair:3   | 14226 ||| STAIRDANCE
 14232 | Lair:2   | Reached skill level 17 in Axes
 14352 | Lair:3   | 14352 ||| STAIRDANCE
 14525 | Lair:3   | Found a runed translucent door.
 14544 | Lair:3   | 14544 ||| Stepping ~*~*~tactically~*~*~ (stealth).
 14634 | Lair:3   | 14634 ||| INVOKING Sacrifice an Eye.
 14634 | Lair:3   | Gained mutation: You are missing an eye, making it more
                  | difficult to aim. [Ru sacrifice]
 14634 | Lair:3   | Reached **** piety under Ru
 14792 | Lair:3   | 14792 ||| Stepping ~*~*~tactically~*~*~ (stealth).
 14847 | Lair:3   | 14847 ||| Stepping ~*~*~tactically~*~*~ (stealth).
 14849 | Lair:3   | 14849 ||| FLEEEEING.
 14850 | Lair:3   | 14850 ||| FLEEEEING.
 14851 | Lair:3   | 14851 ||| FLEEEEING.
 14852 | Lair:3   | 14852 ||| FLEEEEING.
 14858 | Lair:3   | 14858 ||| Stepping ~*~*~tactically~*~*~ (stealth).
 14860 | Lair:3   | 14860 ||| FLEEEEING.
 14861 | Lair:3   | 14861 ||| Stepping ~*~*~tactically~*~*~ (stealth).
 14862 | Lair:3   | 14862 ||| FLEEEEING.
 14863 | Lair:3   | 14863 ||| Stepping ~*~*~tactically~*~*~ (stealth).
 14864 | Lair:3   | 14864 ||| FLEEEEING.
 14943 | Lair:3   | 14943 ||| Stepping ~*~*~tactically~*~*~ (stealth).
 14984 | Lair:3   | 14984 ||| Stepping ~*~*~tactically~*~*~ (stealth).
 14985 | Lair:3   | 14985 ||| Stepping ~*~*~tactically~*~*~ (stealth).
 15021 | Lair:3   | 15021 ||| FLEEEEING.
 15174 | Lair:3   | 15174 ||| Stepping ~*~*~tactically~*~*~ (stealth).
 15175 | Lair:3   | 15175 ||| Stepping ~*~*~tactically~*~*~ (stealth).
 15464 | Lair:3   | Noticed qw's ghost (journeyman MiFi)
 15472 | Lair:3   | 15472 ||| Stepping ~*~*~tactically~*~*~ (stealth).
 15562 | Lair:3   | 15562 ||| UPGRADING to ring of poison resistance.
 15595 | Lair:4   | 15595 ||| STAIRDANCE
 15635 | Lair:4   | 15635 ||| STAIRDANCE
 15743 | Lair:4   | 15743 ||| STAIRDANCE
 15895 | Lair:4   | 15895 ||| STAIRDANCE
 15896 | Lair:4   | 15896 ||| STAIRDANCE
 16015 | Lair:4   | 16015 ||| STAIRDANCE
 16076 | Lair:4   | 16076 ||| Stepping randomly (cloudy).
 16077 | Lair:4   | 16077 ||| Stepping ~*~*~tactically~*~*~ (cloud).
 16094 | Lair:4   | HP: 11/104 [rime drake/flash freeze (27)]
 16095 | Lair:4   | 16095 ||| INVOKING Draw Out Power.
 16098 | Lair:4   | HP: 5/99 [rime drake/flash freeze (26)]
 16105 | Lair:4   | Reached skill level 12 in Fighting
 16107 | Lair:4   | 16107 ||| FLEEEEING.
 16108 | Lair:4   | 16108 ||| FLEEEEING.
 16109 | Lair:4   | 16109 ||| STAIRDANCE
 16468 | Lair:4   | Reached XP level 12. HP: 110/111 MP: 11/11
 16543 | Lair:4   | 16543 ||| Stepping ~*~*~tactically~*~*~ (stealth).
 16545 | Lair:4   | 16545 ||| Stepping ~*~*~tactically~*~*~ (stealth).
 16621 | Lair:4   | Found a staircase to the Slime Pits.
 16622 | Lair:4   | 16622 ||| Stepping ~*~*~tactically~*~*~ (hiding).
 16623 | Lair:4   | 16623 ||| Stepping ~*~*~tactically~*~*~ (hiding).
 16632 | Lair:4   | 16632 ||| Stepping randomly (stuck).
 16633 | Lair:4   | 16633 ||| FLEEEEING.
 16634 | Lair:4   | 16634 ||| FLEEEEING.
 16635 | Lair:4   | 16635 ||| FLEEEEING.
 16636 | Lair:4   | 16636 ||| FLEEEEING.
 16637 | Lair:4   | 16637 ||| FLEEEEING.
 16638 | Lair:4   | 16638 ||| FLEEEEING.
 16639 | Lair:4   | 16639 ||| FLEEEEING.
 16640 | Lair:4   | 16640 ||| FLEEEEING.
 16641 | Lair:4   | 16641 ||| FLEEEEING.
 16642 | Lair:4   | 16642 ||| FLEEEEING.
 16643 | Lair:4   | 16643 ||| FLEEEEING.
 16644 | Lair:4   | 16644 ||| FLEEEEING.
 16656 | Lair:4   | HP: 23/112 [poisoned by a cane toad]
 16657 | Lair:4   | 16657 ||| INVOKING Draw Out Power.
 16662 | Lair:4   | HP: 27/110 [poisoned by a cane toad]
 16667 | Lair:4   | HP: 22/110 [poisoned by a cane toad]
 16881 | Lair:4   | 16881 ||| FLEEEEING.
 16890 | Lair:4   | 16890 ||| FLEEEEING.
 16891 | Lair:4   | 16891 ||| STAIRDANCE
 17021 | Lair:4   | 17021 ||| STAIRDANCE
 17143 | Lair:4   | 17143 ||| READING scroll of enchant armour.
 17143 | Lair:4   | 17143 ||| ENCHANTING +1 pair of gloves.
 17850 | Lair:4   | 17850 ||| INVOKING Sacrifice Love.
 17850 | Lair:4   | Gained mutation: You are hated by all. [Ru sacrifice]
 17850 | Lair:4   | Reached ***** piety under Ru
 17867 | Lair:5   | Entered Level 5 of the Lair of Beasts
 17868 | Lair:5   | 17868 ||| INVOKING Apocalypse.
 17869 | Lair:5   | 17869 ||| STAIRDANCE
 17937 | Lair:5   | 17937 ||| STAIRDANCE
 17938 | Lair:5   | 17938 ||| STAIRDANCE
 17942 | Lair:4   | HP: 20/96 [cane toad (8)]
 17943 | Lair:4   | 17943 ||| INVOKING Draw Out Power.
 17946 | Lair:4   | HP: 6/93 [cane toad (10)]
 17948 | Lair:4   | HP: 2/93 [poisoned by a cane toad]
 17949 | Lair:4   | Slain by a cane toad

Levels and vault maps discovered:
D:1:      minmay_arrival_shattered_statue, layout_basic, minmay_pentomino_t4
D:2:      minmay_chambers_of_twos, layout_basic, ebering_ecumenical_altar_mist
D:3:      layout_rooms, nicolae_overflow_crystal_walls, serial_shops,
          nicolae_shop_hallway_plus, nicolae_grassy_gnolls
D:4:      layout_loops_corners, serial_shops, nicolae_shop_stone, shop,
          nicolae_shop_temple_entry_statues_fountains,
          nicolae_shop_advertising_works [nicolae_subvault_shop_adworks],
          grunt_ministairs_6, uniq_menkaure, uniq_duvessa, uniq_robin,
          uniq_eustachio
D:5:      layout_cave_pools, trog_three_pillars_becter, serial_co_window_serial,
          co_window_paths_b, co_window_of_opportunity_a,
          co_window_of_opportunity_a, co_window_paths_a, co_window_corner_a,
          co_window_of_opportunity_a, co_window_cross_1, co_window_paths_b,
          co_window_paths_b, co_window_unsneaky_path_d,
          co_window_unsneaky_path_e, co_window_broadway_c, co_window_4corner_b,
          glass_columns_a, glass_columns_c, glass_columns_b, glass_columns_a,
          uniq_blork_the_orc
D:6:      layout_loops_ring, nicolae_overflow_two_pavilions, temple_statues
D:7:      layout_gridville, regret_index_temple_of_mockery
D:8:      layout_gridville, erik_lair_dragon, grunt_decor_arrowhead
D:9:      layout_irregular_city, mainiacjoe_overflow_brackets,
          nicolae_dithmenos_through_a_glass_darkly, st_stairs_1,
          grunt_ministairs_5, hangedman_feature_mirror
Temple:   bh_familiar_temple
Lair:1:   layout_small_grid, minmay_stone_trees_small,
          chequers_serial_rivers_marsh
Lair:2:   layout_small_grid, skrybe_swamp_entry_bodies,
          guppyfry_snake_entry_garden, serial_bayou_pond_e
Lair:3:   layout_chaotic_city, hellmonk_ghost_happy_afterlife, minivault_26,
          grunt_megastairs_4, infiniplex_staircase_pool_2
Lair:4:   layout_regular_city, nicolae_slime_entry_slimehenge,
          cheibrodos_lair_lostbears
Lair:5:   evilmike_catoblepas_cave, layout_regular_city

Skill      XL: |  1  2  3  4  5  6  7  8  9 10 11 12 |
---------------+-------------------------------------+-----
Axes           | 3 4 5 6 7 8 10 12 15 16 17 | 17.0
Dodging        | 1 2 3 4 5 |  5.1
Fighting       | 4 6 7 7 9 12 | 12.0
Shields        | 4 4 6 7 |  7.8
Armour         | 6 9 10 11 | 11.0
Throwing       | 1 2 |  2.1

Action                   |  1- 3 |  4- 6 |  7- 9 | 10-12 || total
-------------------------+-------+-------+-------+-------++-------
Melee: War axe           |    99 |    73 |   286 |   517 ||   975
       Headbutt          |    10 |     8 |    54 |    94 ||   166
       Flail             |       |       |       |    13 ||    13
Throw: Boomerang         |       |       |    47 |    70 ||   117
Invok: Sacrifice Experie |       |       |     1 |       ||     1
       Sacrifice Skill   |       |       |     1 |       ||     1
       Draw Out Power    |       |       |       |     7 ||     7
       Sacrifice an Eye  |       |       |       |     1 ||     1
       Apocalypse        |       |       |       |     1 ||     1
       Sacrifice Love    |       |       |       |     1 ||     1
  Use: Scroll            |     9 |     6 |    11 |     9 ||    35
       Potion            |       |     1 |     2 |     3 ||     6
 Stab: Distracted        |       |       |       |     1 ||     1
       Invisible         |       |       |       |     4 ||     4
       Paralysed         |       |       |       |     1 ||     1
Armor: Scale mail        |    49 |     2 |    53 |    21 ||   125
       Chain mail        |       |    16 |     3 |       ||    19
       Plate armour      |       |       |    10 |   208 ||   218
Dodge: Dodged            |    39 |    44 |   124 |   283 ||   490
Block: Buckler           |    15 |    16 |    32 |    96 ||   159

Table legend:
 A = Non-vault XP
 B = Vault XP
 C = Vault XP percentage of total XP
 D = Non-vault monster count
 E = Vault monster count
 F = Vault count percentage of total count
                 A         B        C        D         E       F
            +---------+---------+-------+---------+---------+-------
      Total |   38057 |    6067 |  13.7 |     311 |      59 |  15.9
            +---------+---------+-------+---------+---------+-------
        D:1 |      41 |       4 |   8.9 |      21 |       3 |  12.5
        D:2 |      64 |      15 |  19.0 |      17 |       8 |  32.0
        D:3 |      85 |     113 |  57.1 |      15 |       6 |  28.6
        D:4 |     406 |     674 |  62.4 |       9 |      12 |  57.1
        D:5 |     557 |      96 |  14.7 |      11 |       1 |   8.3
        D:6 |    1438 |       0 |   0.0 |      39 |       0 |   0.0
        D:7 |    1093 |     355 |  24.5 |      26 |       1 |   3.7
        D:8 |     705 |     809 |  53.4 |      18 |       5 |  21.7
        D:9 |    2516 |     529 |  17.4 |      26 |       8 |  23.5
     Lair:1 |    4615 |       0 |   0.0 |      20 |       0 |   0.0
     Lair:2 |    8328 |    1005 |  10.8 |      32 |       3 |   8.6
     Lair:3 |   11158 |    1091 |   8.9 |      52 |       2 |   3.7
     Lair:4 |    7051 |    1376 |  16.3 |      25 |      10 |  28.6
            +---------+---------+-------+---------+---------+-------
